 Dungeon Crawl Stone Soup version 0.30-a0-476-g330ca2eb8e (webtiles) character file.

Game seed: 12448945764769707310

9 shyneko the Shooter (level 2, -7/25 HPs)
             Began as a Minotaur Hunter on Dec 21, 2022.
             Killed by an exploding endoplasm (32 damage)
             ... ignited by their inner flame
             ... on level 1 of the Dungeon.
             The game lasted 00:02:16 (202 turns).

shyneko the Shooter (Minotaur Hunter)                Turns: 202, Time: 00:02:20

Health: -7/25      AC:  3    Str: 15    XL:     2   Next: 6%
Magic:  1/1        EV: 12    Int:  6    God:
Gold:   0          SH:  0    Dex: 13    Spells: 1/1 levels left

rFire   . . .      SeeInvis .    a - +0 shortbow
rCold   . . .      Faith    .    (shield currently unavailable)
rNeg    . . .      Spirit   .    c - +0 leather armour
rPois   .          Reflect  .    (helmet restricted)
rElec   .          Harm     .    (no cloak)
rCorr   .          Rampage  .    (no gloves)
Will    .....                    (no boots)
Stlth   +.........               (no amulet)
HPRegen 0.24/turn                (no ring)
MPRegen 0.07/turn                (no ring)

@: no status effects
A: horns 2, retaliatory headbutt
a: no special abilities


You were on level 1 of the Dungeon.
You visited 1 branch of the dungeon, and saw 1 of its levels.

Inventory:

Hand Weapons
 a - a +0 shortbow (weapon)
Armour
 c - a +0 leather armour (worn)
Scrolls
 d - a scroll of identify {unknown}
 e - a scroll of noise {unknown}
 f - 2 scrolls of blinking {unknown}
 h - a scroll of teleportation {unknown}
 i - a scroll of enchant weapon {unknown}
Potions
 g - a potion of lignification {unknown}


   Skills:
 + Level 2.5 Fighting
 + Level 4.9 Ranged Weapons
 + Level 2.2 Dodging
 + Level 0.7 Stealth


You had one spell level left.
You didn't know any spells.
Your spell library was empty.

Dungeon Overview and Level Annotations

Branches:
Dungeon (1/15)

Altars:


Innate Abilities, Weirdness & Mutations

You have a pair of horns on your head.
You reflexively headbutt those who attack you in melee.


Message History

The dart slug bites you.
You shoot an arrow. The arrow hits the dart slug.
You kill the dart slug!
No target in view!
No target in view!
f - 2 scrolls labelled VIMANNOYLL
Found a leather armour.
g - a fizzy clear potion
h - a scroll labelled CIKYCZUUNYU You see here a +0 leather armour.
i - a scroll labelled OPUIFF SIDGH An endoplasm comes into view.
An endoplasm is nearby!
An endoplasm is nearby!
An endoplasm is nearby!
An endoplasm is nearby!
An endoplasm is nearby!
You shoot an arrow. The arrow hits the endoplasm.
You kill the endoplasm!
An endoplasm comes into view.
You have reached level 2!
Read: scroll of immolation
Press: ? - help, Q - select action, (/) - cycle Dir - look around, f - activate Look: an endoplasm (wandering, hasn't noticed you, susceptible)
As you read the scroll of immolation, it crumbles to dust.
The creatures around you are filled with an inner flame!
The endoplasm quivers.
A rat comes into view.
Found 14 gold pieces.
You shoot an arrow. The arrow closely misses the rat.
The rat misses you. You furiously retaliate!
You headbutt the rat!
You kill the rat!
You shoot an arrow. The arrow hits the endoplasm.
Flame seeps out of the endoplasm.
The endoplasm is lightly wounded.
The endoplasm is engulfed in blazing flames.
The endoplasm explodes!
The fiery explosion engulfs you!!
Ouch! That really hurt!
You die...

....# ##.. ....#
##.... ..# ....#
......###.#
....###.†..###...#
.........###.....##.#
...†...###$......##.#
.........###...§§§..#
...........# #.§○##.#
.......###...###@##.#
.........###......#.#
...........###....#.#
..........[..###..#.#
.#.........###.....^#
.#.......###....#.###
.......###......#.#
######..........#.#
######.#.###.#


There were no monsters in sight!

Vanquished Creatures
  A dart slug (D:1)
  2 endoplasms (D:1)
  A goblin (D:1)
  2 hobgoblins (D:1)
  A bat (D:1)
  A rat (D:1)
8 creatures vanquished.

Notes
Turn   | Place    | Note
-------+----------+-------------------------------------------
     0 | D:1      | shyneko the Minotaur Hunter began the quest for the Orb.
     0 | D:1      | Reached XP level 1. HP: 18/18 MP: 0/0
   199 | D:1      | Reached XP level 2. HP: 25/25 MP: 1/1
   202 | D:1      | Killed by an exploding endoplasm... ignited by their inner
                  | flame

Illustrated notes

Levels and vault maps discovered:
D:1:      mrwooster_arrival_statue_3, layout_basic,
          hellmonk_ecumenical_altar_inner_sanctum, moated_statue, minmay_unequal

Action                   || total
-------------------------++-------
 Fire: Shortbow          ||    23
  Use: Scroll            ||     1
Armor: Leather armour    ||     1
Dodge: Dodged            ||     6

Table legend: (Time is in decaauts)
 A = Elapsed time spent in this place.
 B = Non-inter-level travel time spent in this place.
 C = Inter-level travel time spent in this place.
 D = Time resting spent in this place.
 E = Time spent auto-exploring this place.
 F = Levels seen in this place.
 G = Mean time per level.
                   A        B        C        D        E       F      G
               +--------+--------+--------+--------+--------+-----+--------+
         Total |    208 |    208 |      0 |      0 |    105 |   1 |  208.0 |
       Dungeon |    208 |    208 |      0 |      0 |    105 |   1 |  208.0 |
               +--------+--------+--------+--------+--------+-----+--------+

Top non-repeatable levels by time:
     D:1: 208 daAuts
